TOP OF THE 1ST |
Scranton Supernovas batting - Pitching for Brinkley Belugas : RHP Chae-seong Kim
|
Pitching: RHP Chae-seong Kim
|
|
Batting: RHB Keith MacKey
|
0-0: Ball 1-0: Ball 2-0: Ball 3-0: Base on Balls
|
Batting: RHB Henrique Shearman
|
0-0: Grounds into double play, 6-4-3 (Groundball, 6M)
|
Batting: RHB Ethan Stanford
|
0-0: Called Strike 0-1: Ball 1-1: Ball 2-1: Ball 3-1: Foul Ball, location: 2F 3-2: Foul Ball, location: 2F 3-2: Base on Balls
|
Batting: RHB Martín Álvarez
|
0-0: Ball 1-0: Ball 2-0: Fly out, F9 (Flyball, 9M)
|
Top of the 1st over - 0 run(s), 0 hit(s), 0 error(s), 1 left on base; Scranton 0 - Brinkley 0 |
BOTTOM OF THE 1ST |
Brinkley Belugas batting - Pitching for Scranton Supernovas : RHP William Bonner
|
Pitching: RHP William Bonner
|
|
Batting: RHB Parker Smith
|
0-0: Foul Ball, location: 2F 0-1: Swinging Strike 0-2: SINGLE (Line Drive, 15)
|
Batting: RHB Sergio Ortíz
|
0-0: Called Strike 0-1: Foul Ball, location: 2F 0-2: Ball 1-2: Ball 2-2: Ball 3-2: Hit by Pitch Parker Smith to second
|
Batting: RHB Chris Costa
|
0-0: Ball 1-0: Swinging Strike 1-1: Ball 2-1: Ball 3-1: Base on Balls Parker Smith to third Sergio Ortíz to second
|
Batting: RHB Alfonso Enríquez
|
0-0: Ball 1-0: Ball 2-0: Ball 3-0: Base on Balls Parker Smith scores Sergio Ortíz to third Chris Costa to second
|
Batting: LHB Mike Cook
|
0-0: Called Strike 0-1: Foul Ball, location: 2F 0-2: Grounds into double play, 4-6-3 (Groundball, 34) Sergio Ortíz scores Chris Costa to third
|
Batting: RHB Reggie Kahn
|
0-0: Ball 1-0: Ball 2-0: Ball 3-0: Base on Balls
|
Batting: RHB Jaime López
|
0-0: Ball 1-0: Called Strike 1-1: Ball 2-1: Foul Ball, location: 2F 2-2: Fly out, F4 (Popup, 3D)
|
Bottom of the 1st over - 2 run(s), 1 hit(s), 0 error(s), 2 left on base; Scranton 0 - Brinkley 2 |
TOP OF THE 2ND |
Scranton Supernovas batting - Pitching for Brinkley Belugas : RHP Chae-seong Kim
|
Batting: LHB Steven Johnson
|
0-0: Swinging Strike 0-1: SINGLE (Groundball, 6MD)
|
Batting: LHB Pedro López
|
0-0: Fielders Choice at 2nd, 6-4 (Groundball, 6)
|
Batting: SHB Neil Nash
|
0-0: Called Strike Pickoff Throw to First - Out! 0-1: Ball 1-1: Ground out 4-3 (Groundball, 34)
|
Top of the 2nd over - 0 run(s), 1 hit(s), 0 error(s), 0 left on base; Scranton 0 - Brinkley 2 |
BOTTOM OF THE 2ND |
Brinkley Belugas batting - Pitching for Scranton Supernovas : RHP William Bonner
|
Batting: RHB Randy Tucker
|
0-0: Ground out 6-3 (Groundball, 6M)
|
Batting: LHB Eric Porter
|
0-0: Ball 1-0: Swinging Strike 1-1: Swinging Strike 1-2: Foul Ball, location: 2F 1-2: Ball 2-2: Ball 3-2: SINGLE (Groundball, 34)
|
Batting: RHB Parker Smith
|
0-0: Ball 1-0: Foul Ball, location: 2F 1-1: Ball 2-1: Ball 3-1: Base on Balls Eric Porter to second
|
Batting: RHB Sergio Ortíz
|
0-0: Ball 1-0: Ball 2-0: Ball 3-0: Called Strike 3-1: Called Strike 3-2: DOUBLE (Flyball, 89D) Eric Porter scores Parker Smith to third
|
Batting: RHB Chris Costa
|
0-0: Called Strike 0-1: Ball 1-1: Called Strike 1-2: Foul Ball, location: 2F 1-2: Foul Ball, location: 2F 1-2: Foul Ball, location: 2F 1-2: SINGLE (Line Drive, 7S) Parker Smith scores Sergio Ortíz to third Runner from 3rd tries for Home, SAFE, throw made home
|
Batting: RHB Alfonso Enríquez
|
0-0: Called Strike 0-1: Swinging Strike 0-2: Fly out, F8 (Flyball, 78D)
|
Batting: LHB Mike Cook
|
0-0: Ball 1-0: Ball 2-0: Ball 3-0: Base on Balls Chris Costa to second
|
Batting: RHB Reggie Kahn
|
0-0: Foul Ball, location: 2F 0-1: Fly out, F8 (Flyball, 8LXD)
|
Bottom of the 2nd over - 3 run(s), 3 hit(s), 0 error(s), 2 left on base; Scranton 0 - Brinkley 5 |
TOP OF THE 3RD |
Scranton Supernovas batting - Pitching for Brinkley Belugas : RHP Chae-seong Kim
|
Batting: LHB Neal Hart
|
0-0: Ball 1-0: Ball 2-0: Ball 3-0: Called Strike 3-1: Swinging Strike 3-2: Base on Balls
|
Batting: RHB Chris Henderson
|
0-0: Called Strike 0-1: Ball 1-1: Foul Ball, location: 2F 1-2: Foul Ball, location: 2F 1-2: Fly out, F8 (Flyball, 8LM)
|
Batting: RHB Keith MacKey
|
0-0: Ball 1-0: Called Strike 1-1: Foul Ball, location: 2F 1-2: Foul Ball, location: 2F 1-2: Ball 2-2: Foul Ball, location: 2F 2-2: Strikes out swinging
|
Batting: RHB Henrique Shearman
|
0-0: Ball 1-0: Ball Wild Pitch! Neal Hart to second 2-0: SINGLE (Groundball, 56D) Neal Hart to third Runner from 3rd tries for Home, SAFE, throw made home
|
Batting: RHB Ethan Stanford
|
0-0: Ball 1-0: Ball 2-0: Fly out, F9 (Flyball, 89M)
|
Top of the 3rd over - 1 run(s), 1 hit(s), 0 error(s), 1 left on base; Scranton 1 - Brinkley 5 |
BOTTOM OF THE 3RD |
Brinkley Belugas batting - Pitching for Scranton Supernovas : RHP William Bonner
|
Batting: RHB Jaime López
|
0-0: SINGLE (Groundball, 6) (infield hit)
|
Batting: RHB Randy Tucker
|
0-0: Called Strike 0-1: Ball 1-1: Ball 2-1: Ball 3-1: Base on Balls Jaime López to second
|
Batting: LHB Eric Porter
|
0-0: Ball 1-0: Swinging Strike 1-1: Fly out, F8 (Flyball, 8RXD) Runner from 2nd tags up, SAFE at 3rd, no throw
|
Batting: RHB Parker Smith
|
0-0: Ball 1-0: Ball 2-0: Foul Ball, location: 2F 2-1: Foul Ball, location: 2F 2-2: Grounds into double play, 6-4-3 (Groundball, 6)
|
Bottom of the 3rd over - 0 run(s), 1 hit(s), 0 error(s), 1 left on base; Scranton 1 - Brinkley 5 |
TOP OF THE 4TH |
Scranton Supernovas batting - Pitching for Brinkley Belugas : RHP Chae-seong Kim
|
Batting: RHB Martín Álvarez
|
0-0: Called Strike 0-1: Ball 1-1: Ball 2-1: Ground out 4-3 (Groundball, 4)
|
Batting: LHB Steven Johnson
|
0-0: Ball 1-0: Called Strike 1-1: Swinging Strike 1-2: Ball 2-2: Strikes out looking
|
Batting: LHB Pedro López
|
0-0: Foul Ball, location: 2F 0-1: Fly out, F7 (Flyball, 7M)
|
Top of the 4th over - 0 run(s), 0 hit(s), 0 error(s), 0 left on base; Scranton 1 - Brinkley 5 |
BOTTOM OF THE 4TH |
Brinkley Belugas batting - Pitching for Scranton Supernovas : RHP William Bonner
|
Batting: RHB Sergio Ortíz
|
0-0: Ball 1-0: Ball 2-0: Foul Ball, location: 2F 2-1: Ball 3-1: Swinging Strike 3-2: Strikes out swinging
|
Batting: RHB Chris Costa
|
0-0: Called Strike 0-1: Ball 1-1: Called Strike 1-2: Foul Ball, location: 2F 1-2: Ball 2-2: DOUBLE (Flyball, 78S)
|
Pinch Runner at 2nd Ramón Martínez:
|
|
Batting: RHB Alfonso Enríquez
|
0-0: Called Strike 0-1: Ball 1-1: Foul Ball, location: 2F 1-2: Strikes out swinging
|
Batting: LHB Mike Cook
|
0-0: Ball 1-0: Fly out, F7 (Flyball, 7LS)
|
Bottom of the 4th over - 0 run(s), 1 hit(s), 0 error(s), 1 left on base; Scranton 1 - Brinkley 5 |
TOP OF THE 5TH |
Scranton Supernovas batting - Pitching for Brinkley Belugas : RHP Chae-seong Kim
|
Now at 2B: Ramón Martínez
|
|
Batting: SHB Neil Nash
|
0-0: Ball 1-0: Ground out 5-3 (Groundball, 56S)
|
Batting: LHB Neal Hart
|
0-0: Called Strike 0-1: Ball 1-1: Ground out 6-3 (Groundball, 6M)
|
Batting: RHB Chris Henderson
|
0-0: Ball 1-0: Ground out 6-3 (Groundball, 56)
|
Top of the 5th over - 0 run(s), 0 hit(s), 0 error(s), 0 left on base; Scranton 1 - Brinkley 5 |
BOTTOM OF THE 5TH |
Brinkley Belugas batting - Pitching for Scranton Supernovas : RHP William Bonner
|
Batting: RHB Reggie Kahn
|
0-0: Ball 1-0: Ball 2-0: Ball 3-0: Base on Balls
|
Batting: RHB Jaime López
|
0-0: Called Strike 0-1: Ball 1-1: Bunted foul 1-2: SINGLE (Line Drive, 7LS) Reggie Kahn to second
|
Batting: RHB Randy Tucker
|
0-0: Called Strike 0-1: Foul Ball, location: 2F 0-2: Ball 1-2: Foul Ball, location: 2F 1-2: Ball 2-2: Grounds into double play, 4-6-3 (Groundball, 4) Reggie Kahn to third
|
Batting: LHB Eric Porter
|
0-0: Foul Ball, location: 2F 0-1: Called Strike 0-2: Ball 1-2: Foul Ball, location: 2F 1-2: Ball 2-2: TRIPLE (Line Drive, 8RM) Reggie Kahn scores
|
Pitching: LHP Pedro Garza
|
|
Batting: RHB Parker Smith
|
0-0: Ball 1-0: Ground out 4-3 (Groundball, 4)
|
Bottom of the 5th over - 1 run(s), 2 hit(s), 0 error(s), 1 left on base; Scranton 1 - Brinkley 6 |
TOP OF THE 6TH |
Scranton Supernovas batting - Pitching for Brinkley Belugas : RHP Chae-seong Kim
|
Batting: RHB Keith MacKey
|
0-0: Ground out 6-3 (Groundball, 6M)
|
Batting: RHB Henrique Shearman
|
0-0: Ball 1-0: Foul Ball, location: 2F 1-1: Ball 2-1: Fly out, F6 (Line Drive, 6M)
|
Batting: RHB Ethan Stanford
|
0-0: Ball 1-0: Swinging Strike 1-1: Ball 2-1: Ground out 4-3 (Groundball, 4)
|
Top of the 6th over - 0 run(s), 0 hit(s), 0 error(s), 0 left on base; Scranton 1 - Brinkley 6 |
BOTTOM OF THE 6TH |
Brinkley Belugas batting - Pitching for Scranton Supernovas : LHP Pedro Garza
|
Batting: RHB Sergio Ortíz
|
0-0: Ball 1-0: Foul Ball, location: 2F 1-1: Ball 2-1: Called Strike 2-2: Ball 3-2: Strikes out swinging
|
Batting: LHB Ramón Martínez
|
0-0: Ground out 6-3 (Groundball, 6)
|
Batting: RHB Alfonso Enríquez
|
0-0: Called Strike 0-1: Swinging Strike 0-2: Fly out, F8 (Flyball, 8RXD)
|
Bottom of the 6th over - 0 run(s), 0 hit(s), 0 error(s), 0 left on base; Scranton 1 - Brinkley 6 |
TOP OF THE 7TH |
Scranton Supernovas batting - Pitching for Brinkley Belugas : RHP Chae-seong Kim
|
Pitching: LHP César Valdéz
|
|
Batting: RHB Martín Álvarez
|
0-0: Ball 1-0: Called Strike 1-1: Ball 2-1: Fly out, F4 (Popup, 4)
|
Batting: LHB Steven Johnson
|
0-0: Ball 1-0: Ball 2-0: Ball 3-0: Called Strike 3-1: Swinging Strike 3-2: Strikes out swinging
|
Batting: LHB Pedro López
|
0-0: Called Strike 0-1: Ball 1-1: Fly out, F7 (Flyball, 78D)
|
Top of the 7th over - 0 run(s), 0 hit(s), 0 error(s), 0 left on base; Scranton 1 - Brinkley 6 |
BOTTOM OF THE 7TH |
Brinkley Belugas batting - Pitching for Scranton Supernovas : LHP Pedro Garza
|
Batting: LHB Mike Cook
|
0-0: Swinging Strike 0-1: Ball 1-1: Called Strike 1-2: Foul Ball, location: 2F 1-2: Strikes out swinging
|
Batting: RHB Reggie Kahn
|
0-0: Called Strike 0-1: Foul Ball, location: 2F 0-2: Strikes out swinging
|
Batting: RHB Jaime López
|
0-0: Ball 1-0: Ball 2-0: Ball 3-0: Called Strike 3-1: Ground out 6-3 (Groundball, 6S)
|
Bottom of the 7th over - 0 run(s), 0 hit(s), 0 error(s), 0 left on base; Scranton 1 - Brinkley 6 |
TOP OF THE 8TH |
Scranton Supernovas batting - Pitching for Brinkley Belugas : LHP César Valdéz
|
Batting: SHB Neil Nash
|
0-0: Called Strike 0-1: Ball 1-1: Swinging Strike 1-2: Ball 2-2: Foul Ball, location: 2F 2-2: Strikes out swinging
|
Batting: LHB Neal Hart
|
0-0: Ball 1-0: Fly out, F6 (Line Drive, 6)
|
Batting: RHB Chris Henderson
|
0-0: Foul Ball, location: 2F 0-1: Foul Ball, location: 2F 0-2: Reached on error, E4 (Groundball, 4M)
|
Batting: RHB Keith MacKey
|
0-0: Ball 1-0: Ball 2-0: Ball 3-0: Base on Balls
|
Batting: RHB Henrique Shearman
|
0-0: Fly out, F8 (Flyball, 8RD)
|
Top of the 8th over - 0 run(s), 0 hit(s), 1 error(s), 2 left on base; Scranton 1 - Brinkley 6 |
BOTTOM OF THE 8TH |
Brinkley Belugas batting - Pitching for Scranton Supernovas : LHP Pedro Garza
|
Batting: RHB Randy Tucker
|
0-0: Foul Ball, location: 2F 0-1: SINGLE (Line Drive, 56D)
|
Batting: LHB Eric Porter
|
0-0: Ball 1-0: Ball 2-0: Sac Bunt - play at first, batter OUT! 3-4 Randy Tucker to second
|
Batting: RHB Parker Smith
|
0-0: Ball 1-0: Ball 2-0: Ball 3-0: Called Strike 3-1: Swinging Strike 3-2: Base on Balls
|
Batting: RHB Sergio Ortíz
|
0-0: Ball Randy Tucker steals 3rd base Parker Smith to second 1-0: Ball 2-0: Called Strike 2-1: Called Strike 2-2: Ball 3-2: Ground out 6-3 (Groundball, 6S) Randy Tucker scores Parker Smith to third
|
Batting: LHB Ramón Martínez
|
0-0: Ball 1-0: Called Strike 1-1: Ball 2-1: Ground out 4-3 (Groundball, 4)
|
Bottom of the 8th over - 1 run(s), 1 hit(s), 0 error(s), 1 left on base; Scranton 1 - Brinkley 7 |
TOP OF THE 9TH |
Scranton Supernovas batting - Pitching for Brinkley Belugas : LHP César Valdéz
|
Batting: RHB Ethan Stanford
|
0-0: Ball 1-0: Called Strike 1-1: Ball 2-1: Ball 3-1: Foul Ball, location: 2F 3-2: Base on Balls
|
Batting: RHB Martín Álvarez
|
0-0: Ball 1-0: Called Strike 1-1: Swinging Strike 1-2: Fielders Choice at 2nd, 5-4 (Groundball, 56)
|
Batting: LHB Steven Johnson
|
0-0: Ball 1-0: Ball 2-0: Foul Ball, location: 2F 2-1: SINGLE (Line Drive, 3D) Martín Álvarez to second
|
Batting: LHB Pedro López
|
0-0: Ball 1-0: Fielders Choice at 2nd, 3-6 (Groundball, 3) Martín Álvarez to third
|
Batting: SHB Neil Nash
|
0-0: Swinging Strike 0-1: Ball 1-1: Ball 2-1: Foul Ball, location: 2F 2-2: Strikes out swinging
|
Top of the 9th over - 0 run(s), 1 hit(s), 0 error(s), 2 left on base; Scranton 1 - Brinkley 7 |
|